 Dungeon Crawl Stone Soup version 0.17-a0-1949-g1acca9a (webtiles) character file.

1374 Ordine the Cruncher (level 8, -1/62 HPs)
             Began as a Minotaur Gladiator on Oct 2, 2015.
             Was a Follower of Okawaru.
             Slain by aves's ghost (7 damage)
             ... on level 7 of the Dungeon.
             The game lasted 00:20:12 (4871 turns).

Ordine the Cruncher (Minotaur Gladiator)            Turns: 4871, Time: 00:20:12

Health: -1/62      AC: 11    Str: 20    XL:     8   Next: 39%
Magic:  7/7        EV:  8    Int:  5    God:    Okawaru [*.....]
Gold:   307        SH:  0    Dex: 11    Spells: 0 memorised, 7 levels left

rFire  . . .     SeeInvis .     a - +1 quarterstaff
rCold  + . .     Clarity  .     g - +0 chain mail
rNeg   . . .     SustAt   .     (no shield)
rPois  .         Gourm    .     c - +0 hat
rElec  .         Spirit   .     j - +1 cloak
rCorr  .         Warding  .     q - +0 pair of gloves
rMut   .         Stasis   .     (no boots)
MR     .....                    (no amulet)
Stlth  ..........               b - ring of protection from cold
                                n - ring of stealth

@: hasted, very quick, not resistant to hostile enchantments, extremely
unstealthy
A: retaliatory headbutt, horns 2, clumsy 1, regeneration 1, spit poison 1
a: Spit Poison, Heroism, Renounce Religion


You were on level 7 of the Dungeon.
You worshipped Okawaru.
Okawaru was aware of your devotion.
You were not hungry.

You visited 2 branches of the dungeon, and saw 8 of its levels.
You also visited: Sewer.

You collected 307 gold pieces.

Inventory:

Hand weapons
 a - a +1 quarterstaff (weapon)
 w - the +6 arbalest "Hellfire" {hellfire, rF++ rC- MR+}
   (You found it on level 4 of the Dungeon)

   It greatly protects you from fire.
   It makes you vulnerable to cold.
   It affects your resistance to hostile enchantments.
Missiles
 d - 4 throwing nets (quivered)
Armour
 c - a +0 hat (worn)
 g - a +0 chain mail (worn)
 j - a +1 cloak (worn)
 q - a +0 pair of gloves (worn)
Jewellery
 b - a ring of protection from cold (right hand)
 n - a ring of stealth (left hand)
Magical devices
 h - a wand of fire (9)
 v - a wand of frost (29)
 x - a wand of paralysis (0)
Scrolls
 i - 6 scrolls of remove curse
 m - 4 scrolls of enchant weapon
 y - a scroll of teleportation
 z - a scroll of identify
Potions
 f - 4 potions of curing
 o - 2 potions of haste
 p - 2 potions of flight {unknown}
 r - 2 potions of might {unknown}
 s - 4 potions of heal wounds {unknown}
 t - 2 potions of agility {unknown}
 u - 4 potions of cure mutation {unknown}
Comestibles
 e - 5 bread rations
 k - 2 meat rations
 l - a slice of pizza
 A - 2 chunks of flesh


   Skills:
 - Level 2.4 Fighting
 + Level 12.5 Staves
 - Level 2.0 Throwing
 - Level 3.2 Dodging


You had 7 spell levels left.
You didn't know any spells.

Dungeon Overview and Level Annotations

Branches:
Dungeon (7/15)             Temple (1/1) D:5

Altars:
Ashenzari
Gozag
Kikubaaqudgha
Makhleb
Okawaru
Qazlal
Ru
Sif Muna
Trog
Vehumet
Yredelemnul
Jiyva

Shops:
D:6 *

Annotations:
D:7 aves's ghost, experienced VSFi


Innate Abilities, Weirdness & Mutations

You reflexively headbutt those who attack you in melee.
You have a pair of horns on your head.
You are clumsy. (Dex -2)
Your natural rate of healing is unusually fast.
You can spit weak poison.


Message History

Aves's ghost hits you!
Drink which item? (? for menu, Esc to quit)
You feel better. The phantom barely misses you. Aves's ghost hits you!
You hit aves's ghost but do no damage.
You headbutt aves's ghost, but do no damage.
Aves's ghost is severely damaged.
The phantom hits you.
You hit aves's ghost but do no damage.
Aves's ghost is severely damaged.
Aves's ghost hits you but does no damage.
The phantom hits you but does no damage.
Your chain mail prevents you from hitting aves's ghost.
Aves's ghost is severely damaged.
Aves's ghost hits you!
* * * LOW HITPOINT WARNING * * *
Drink which item? (? for menu, Esc to quit)
It was a potion of haste.
You feel yourself speed up. The phantom barely misses you.
You furiously retaliate!
You headbutt the phantom. Aves's ghost hits you!
You die...

####### #.....
#.#.. #.#.#
######.#.#####.#
.......<.W@W...#
.###..............
.....#...#########
####.<.#.# ###.#.#
#.#.. ..... #.####


You could see a phantom and aves's ghost.

Vanquished Creatures
  A water moccasin (D:6)
  A necrophage (D:6)
  2 ogres
  A centaur (D:6)
  2 giant frogs (D:6)
  A big kobold (Sewer)
  A scorpion (D:4)
  The ghost of Ordine the Twirler, a weakling MiGl (D:3)
  2 hounds
  4 jellies (D:6)
  3 orc wizards
  2 worker ants (D:4)
  An iguana (D:4)
  6 gnolls
  3 river rats (Sewer)
  7 adders
  4 oozes
  2 adder skeletons
  3 worms
  7 giant geckos
  9 orcs
  6 bats
  7 giant cockroaches
  6 hobgoblins
  10 jackals
  17 kobolds
  A quokka (D:5)
  5 ball pythons
  6 giant newts
  11 goblins
  A quokka skeleton (D:6)
  26 rats
159 creatures vanquished.

Notes
Turn   | Place    | Note
--------------------------------------------------------------
     0 | D:1      | Ordine the Minotaur Gladiator began the quest for the Orb.
     0 | D:1      | Reached XP level 1. HP: 18/18 MP: 0/0
   107 | D:1      | Reached skill level 4 in Staves
   115 | D:1      | Reached XP level 2. HP: 19/25 MP: 1/1
   321 | D:1      | Reached skill level 5 in Staves
   626 | D:2      | Reached XP level 3. HP: 30/30 MP: 2/2
  1406 | D:3      | Reached skill level 6 in Staves
  1406 | D:3      | Reached XP level 4. HP: 29/37 MP: 3/3
  1676 | D:3      | Noticed Ordine's ghost (weakling MiGl)
  1681 | D:3      | Gained mutation: You can spit weak poison. [potion of mutation]
  1681 | D:3      | Gained mutation: Your natural rate of healing is unusually fast. [potion of mutation]
  1681 | D:3      | Gained mutation: You are clumsy. (Dex -2) [potion of mutation]
  1688 | D:3      | Killed Ordine's ghost
  1688 | D:3      | Reached XP level 5. HP: 29/42 MP: 4/4
  1934 | D:3      | Reached skill level 7 in Staves
  1936 | D:3      | Found a glowing drain.
  1945 | Sewer    | Entered a sewer
  2238 | Sewer    | Reached skill level 8 in Staves
  2257 | Sewer    | Reached XP level 6. HP: 45/50 MP: 5/5
  2662 | D:4      | Reached skill level 9 in Staves
  2731 | D:4      | Found a shattered altar of Ashenzari.
  2855 | D:4      | Reached XP level 7. HP: 56/56 MP: 6/6
  3121 | D:4      | Reached skill level 10 in Staves
  3514 | D:5      | Entered Level 5 of the Dungeon
  3872 | D:5      | Found a bloodstained altar of Trog.
  3926 | D:5      | HP: 1/56 [ogre/giant club (20)]
  3931 | D:5      | Found a staircase to the Ecumenical Temple.
  3946 | Temple   | Entered the Ecumenical Temple
  3953 | Temple   | Became a worshipper of Warmaster Okawaru
  4150 | D:6      | Reached skill level 11 in Staves
  4239 | D:6      | Found a viscous altar of Jiyva.
  4274 | D:6      | Reached XP level 8. HP: 42/62 MP: 7/7
  4285 | D:6      | Acquired Okawaru's first power
  4388 | D:6      | Reached skill level 12 in Staves
  4763 | D:6      | Found Obae's General Store.
  4838 | D:7      | Noticed aves's ghost (experienced VSFi)
  4871 | D:7      | Slain by aves's ghost

Vault maps used:
D:1:      lemuel_arrival_funnel
D:3:      portal_sewer_entry_d
D:4:      nicolae_overflow_hidden_temple
D:5:      kennysheep_mini, temple_hall, first_bread
D:6:      serial_shops, kennysheep_little_box, jiyva_altar_1
D:7:      nicolae_dithmenos_the_darkroom, lemuel_coloured_pillars_altar
Temple:   nicolae_temple_no_exploring_needed
Sewer:    sewer_minmay_treatment

Action                   |  1- 3 |  4- 6 |  7- 9 || total
-------------------------+-------+-------+-------++-------
Melee: Quarterstaff      |    84 |   175 |   158 ||   417
Evoke: Wand              |       |       |     6 ||     6
  Use: Scroll            |     4 |     3 |     1 ||     8
       Potion            |       |     1 |     3 ||     4
 Stab: Paralysed         |       |       |    11 ||    11
  Eat: Chunk             |       |     6 |     6 ||    12
       Fruit             |       |       |     1 ||     1
